 Dungeon Crawl Stone Soup version 0.29.0-11-gd7f09526c8 (webtiles) character file.

Game seed: 2550375928566317815

18 SnakkuSnakku7 the Sneak (level 2, -2/25 HPs)
             Began as a Human Delver on Sept 7, 2022.
             Killed from afar by a white imp (13 damage)
             ... with a puff of frost
             ... on level 6 of the Dungeon.
             The game lasted 00:01:36 (634 turns).

SnakkuSnakku7 the Sneak (Human Delver)               Turns: 634, Time: 00:01:36

Health: -2/25      AC:  3    Str: 12    XL:     2   Next: 85%
Magic:  2/2        EV: 12    Int: 10    God:
Gold:   49         SH:  0    Dex: 14    Spells: 1/1 levels left

rFire   . . .      SeeInvis .   a - +0 spear
rCold   . . .      Faith    .   (no shield)
rNeg    . . .      Spirit   .   b - +0 leather armour
rPois   .          Reflect  .   (no helmet)
rElec   .          Harm     .   (no cloak)
rCorr   .          Rampage  .   (no gloves)
Will    .....                   (no boots)
Stlth   +++.......              (no amulet)
HPRegen 0.08/turn               (no ring)
MPRegen 0.08/turn               (no ring)

@: no status effects
A: no striking features
a: no special abilities


You were on level 6 of the Dungeon.
You visited 1 branch of the dungeon, and saw 4 of its levels.

You collected 49 gold pieces.

Inventory:

Hand Weapons
 a - a +0 spear (weapon)
Armour
 b - a +0 leather armour (worn)
 i - a +0 scale mail
Jewellery
 d - an amulet of faith
Wands
 g - a wand of digging (2)
 h - a wand of roots (8)
Scrolls
 c - a scroll of fog
 e - a scroll of fear


   Skills:
 + Level 3.9 Fighting
 - Level 2.0 Polearms
 - Level 2.0 Dodging
 - Level 5.0 Stealth


You had one spell level left.
You didn't know any spells.
Your spell library was empty.

Dungeon Overview and Level Annotations

Branches:
Dungeon (8/15)             Temple (0/1) D:7
   Lair: D:8-11

Altars:


Message History

You feel sick.
No target in view!
No target in view!
You start resting.
You feel sick. x4
You are no longer poisoned.
You start resting.
An orc wizard comes into view.
It is wielding a +0 dagger and carrying a wand of flame (8).
You see here an adder skeleton.
You start resting.
HP restored.
A scorpion comes into view.
A white imp comes into view.
Aiming: Fastroot
Press: ? - help, Shift-Dir - straight line, f - white imp
Aim: a white imp (asleep)
The roots erupt in riotous growth!
Roots grab the white imp.
The grasping roots constrict the white imp.
The white imp shouts, "Get thee gone, thou simpering fat-kidneyed tinkerer!"
The white imp escapes!
Found a pair of gloves.
The white imp closely misses you.
You closely miss the white imp.
The white imp is heavily wounded.
The white imp hits you. The white imp freezes you.
You hit the white imp.
The white imp is almost dead.
The white imp hits you. The white imp freezes you.
You hit the white imp.
The white imp is almost dead.
The white imp misses you.
You completely miss the white imp.
The white imp is almost dead.
The white imp gestures at you. The puff of frost hits you.
You hit the white imp but do no damage.
The white imp is almost dead.
The white imp gestures at you. The puff of frost hits you!
Ouch! That really hurt!
You die...

####.#.# ....>.....#
#...###.s.#######..#
#.##.# #### #..# #.#
#.. #..# #.# ##.#
#..# #.# # #...
#.### ##.# #...# #.#
###@# ..# #5# .###
#.# #. #.# # #.# #.#
#.# [..


You could see a white imp.

Vanquished Creatures
  2 adders (D:6)
2 creatures vanquished.

Notes
Turn   | Place    | Note
-------+----------+-------------------------------------------
     0 | D:5      | SnakkuSnakku7 the Human Delver began the quest for the Orb.
     0 | D:5      | Reached XP level 1. HP: 18/18 MP: 1/1
    72 | D:5      | Noticed a hound
    73 | D:5      | You fall into a shaft and drop 3 floors!
    74 | D:8      | Noticed an orc wizard
    89 | D:8      | Noticed a two-headed ogre
   126 | D:7      | Noticed a hound
   128 | D:7      | Noticed a steam dragon
   128 | D:7      | Noticed a gnoll bouda
   269 | D:6      | Reached XP level 2. HP: 9/24 MP: 2/2
   615 | D:6      | Noticed a scorpion
   634 | D:6      | Killed from afar by a white imp

Illustrated notes

Levels and vault maps discovered:
D:5:      layout_gridville, minmay_mini_ossuary
D:6:      layout_loops_ring, lemuel_round_altar, st_stairs_8, uniq_blork_the_orc
D:7:      minmay_the_grid_triangle_9x9_rhombus_full
          [minmay_the_grid_triangle_9x9_wacky_v,
          minmay_the_grid_triangle_9x9_sprig,
          minmay_the_grid_triangle_9x9_semitri,
          minmay_the_grid_triangle_9x9_corruption,
          minmay_the_grid_triangle_9x9_empty,
          minmay_the_grid_triangle_9x9_warning,
          minmay_the_grid_triangle_9x9_minimal,
          minmay_the_grid_triangle_9x9_prize_top_heavy], layout_basic,
          minmay_temple_entry_butterflies, minmay_hedge_maze
D:8:      layout_rooms, uniq_grum

Action                   || total
-------------------------++-------
Melee: Spear             ||    33
       Punch             ||     1
Evoke: Wand              ||     2
  Use: Scroll            ||     2
       Potion            ||     1
Armor: Leather armour    ||     8
Dodge: Dodged            ||    31
